 Dungeon Crawl Stone Soup version 0.29-a0-1009-g60c99734e7 (webtiles) character file.

Game seed: 13819267593147087369

4064 spaghetti the Fighter (level 10, -8/160 HPs)
             Began as an Ogre Chaos Knight on Aug 9, 2022.
             Was a Plaything of Xom.
             Mangled by a death yak (9 damage)
             ... on level 8 of the Dungeon.
             The game lasted 00:17:11 (10799 turns).

spaghetti the Fighter (Ogre Chaos Knight)          Turns: 10799, Time: 00:17:12

Health: -8/160     AC: 25    Str: 18    XL:     10   Next: 25%
Magic:  0/28       EV:  1    Int: 19    God:    Xom [*.....]
Gold:   378        SH:  0    Dex:  8    Spells: 22/22 levels left

rFire   . . .      SeeInvis .   B - +2 quarterstaff (chaos) {staff}
rCold   + . .      Faith    .   (shield currently unavailable)
rNeg    . . .      Spirit   +   (body armour currently unavailable)
rPois   +          Reflect  .   (helmet currently unavailable)
rElec   .          Harm     .   (cloak currently unavailable)
rCorr   .          Rampage  .   (gloves unavailable)
Will    ++...      NoTele   +   (boots unavailable)
Stlth   +.........              e - amulet of Hoogas {Spirit Contam Will+ Int+2}
HPRegen 0.36/turn               d - ring of magical power
MPRegen 0.21/turn               c - ring of protection from cold

@: mighty, tree-form
A: stationary, stasis, torment immunity, boosted hp, large, unfitting armour,
(tough skin 1), (fire resistance 1), frail 1, (shaggy fur 1)
a: Renounce Religion


You were on level 8 of the Dungeon.
You worshipped Xom.
You were a special plaything of Xom.
You were a tree.
You visited 1 branch of the dungeon, and saw 8 of its levels.

You collected 378 gold pieces.


Innate Abilities, Weirdness & Mutations

You are a tree.
Your roots penetrate the ground, keeping you stationary.
You cannot be teleported.
You are immune to unholy pain and torment.
Your maximum health is greatly increased.
Your equipment is partially melded.
You are too large for most types of armour.
((You have tough skin. (AC +1)))
((Your flesh is heat resistant. (rF+)))
You are frail. (-10% HP)
((You are covered in fur. (AC +1)))


   Skills:
 + Level 13.3 Fighting
 - Level 2.1 Dodging
 - Level 4.1 Unarmed Combat
 * Level 6.6 Spellcasting
 + Level 4.9 Transmutations
 + Level 4.9 Earth Magic


You had 22 spell levels left.
You didn't know any spells.
Your spell library contained the following spells:

 Spells                   Type           Power      Damage    Failure   Level
 Passwall                 Tmut/Erth      20%        N/A       1%          2
 Apportation              Tloc           12%        N/A       11%         1
 Magic Dart               Conj           24%        1d4       11%         1
 Call Imp                 Summ           6%         N/A       16%         2
 Ensorcelled Hibernation  Hex/Ice        12%        N/A       16%         2
 Call Canine Familiar     Summ           6%         N/A       32%         3
 Mephitic Cloud           Conj/Pois/Air  6%         N/A       32%         3
 Portal Projectile        Hex/Tloc       12%        N/A       32%         3
 Swiftness                Air            6%         N/A       32%         3
 Leda's Liquefaction      Hex/Erth       7%         N/A       36%         4
 Alistair's Intoxication  Tmut/Pois      10%        N/A       71%         5

Inventory:

Hand Weapons
 r - a +2 dagger of venom {short}
   (You took it off a goblin on level 2 of the Dungeon)
 B - a +2 quarterstaff of chaos (weapon) {staff}
   (You took it off Crazy Yiuf on level 7 of the Dungeon)
Missiles
 j - 2 large rocks {=fthrowing}
 k - 84 stones (quivered) {throwing}
 o - a boomerang {throwing}
 x - 3 poisoned darts {throwing}
 y - 6 curare-tipped darts {=fthrowing}
 A - 11 javelins {throwing}
Armour
 a - a +2 robe (melded)
 D - a +2 cloak (melded)
   (You found it on level 4 of the Dungeon)
Jewellery
 c - a ring of protection from cold (right branch)
   (You found it on level 1 of the Dungeon)
 d - a ring of magical power (left branch)
   (You found it on level 1 of the Dungeon)
 e - the amulet of Hoogas (around neck) {Spirit Contam Will+ Int+2}
   (You acquired it on level 6 of the Dungeon)

   [amulet of guardian spirit]

   It causes incoming damage to be divided between your reserves of health and
   magic.
   Int:       It affects your intelligence (+2).
   Contam:    It causes magical contamination when unequipped.
   Will:      It increases your willpower.
 f - a ring of positive energy
   (You found it on level 1 of the Dungeon)
 n - an amulet of magic regeneration {@e2}
   (You took it off a hobgoblin on level 3 of the Dungeon)
 E - a ring of flight
   (You found it on level 4 of the Dungeon)
Wands
 l - a wand of polymorph (6)
   (You took it off a wight on level 7 of the Dungeon)
 H - a wand of mindburst (2)
   (You found it on level 5 of the Dungeon)
Scrolls
 h - a scroll of teleportation {@r4}
 i - a scroll of immolation {!r!r}
 m - a scroll of magic mapping {!r}
 p - 2 scrolls of amnesia
 q - 2 scrolls of enchant armour
 u - 4 scrolls of fog
 v - a scroll of vulnerability {unknown}
 w - a scroll of summoning {unknown}
 G - 3 scrolls of fear {unknown}
Potions
 g - a potion of might
 s - a potion of lignification {!q}
 z - a potion of flight
 F - a potion of brilliance
 I - 2 potions of cancellation
Miscellaneous
 b - a piece from Xom's chessboard (15/15)

Dungeon Overview and Level Annotations

Branches:
Dungeon (8/15) Zot: 26645  Temple (0/1) D:5
   Lair: D:8-11

Altars:
Ashenzari
Cheibriados
Dithmenos
Fedhas
Gozag
Hepliaklqana
Nemelex Xobeh
Okawaru
Ru
Uskayaw
Wu Jian
Xom

Shops:
D:2 :   D:4 (   D:5 (   D:7 [

Annotations:
D:4 exclusion: training dummy

..#.##......
..........#
.........#
#........# #
#...r....#.#
#..........#
#..YYY..#..#
#..{♣Y.....#
##......#..#
#.......#
#.#+###.# #.
# #. #


You could see 4 death yaks and a river rat.


Message History

Unknown command.
Unknown command.
Okay, then.
It was a potion of ambrosia.
You are confused.
You feel invigorated.
Xom roars with laughter!
The death yak gores you!
* * * LOW HITPOINT WARNING * * *
The death yak gores you but does no damage. x3 😹 HP[-5] MP[+2]
You take 5 damage, and now have 69/160 hp.
You regained 2 mp, and now have 14/28 mp.
Unknown command.
You cannot move. (Use ctrl+direction or * direction to attack while stationary and confused.)
You cannot move. (Use ctrl+direction or * direction to attack while stationary and confused.)
You hit the death yak but do no damage.
Space warps around the death yak.
A sky beast comes into view.
The death yak gores you but does no damage.
The death yak gores you!
* * * LOW HITPOINT WARNING * * *
The death yak gores you.
* * * LOW HITPOINT WARNING * * *
The death yak gores you but does no damage.
The death yak gores you.
* * * LOW HITPOINT WARNING * * *
The death yak gores you but does no damage.
The death yak gores you!
* * * LOW HITPOINT WARNING * * *
The death yak gores you!!
* * * LOW HITPOINT WARNING * * *
đŸ˜± HP[-40] MP[-7]
You take 40 damage, and now have 29/160 hp.
MASSIVE DAMAGE!! (PAUSE)
You lost 7 mp, and now have 7/28 mp.
Unknown command.
You sock the death yak!
You feel better.
The death yak gores you but does no damage.
The death yak gores you!!
* * * LOW HITPOINT WARNING * * *
The death yak gores you but does no damage.
The death yak snorts and paws the ground.
The death yak gores you but does no damage. đŸ˜± HP[+1] MP[+1]
You are too confused!
Okay, then.
Okay, then.
You closely miss the death yak. The death yak gores you!
* * * LOW HITPOINT WARNING * * *
The death yak gores you but does no damage.
The death yak gores you.
* * * LOW HITPOINT WARNING * * *
The death yak gores you but does no damage. đŸ˜± HP[-7] MP[+1]
You take 7 damage, and now have 23/160 hp.
You swing at nothing.
A river rat comes into view.
The death yak gores you but does no damage. x4 đŸ˜± HP[+4] MP[+8]
You regained 4 hp, and now have 27/160 hp.
You regained 8 mp, and now have 17/28 mp.
You swing at nothing.
You feel less invigorated.
You feel less confused.
The sky beast flickers out of sight!
Deactivating autopickup; reactivate with Ctrl-A.
The death yak gores you but does no damage. x2
The death yak barely misses you. The death yak gores you.
* * * LOW HITPOINT WARNING * * *
The death yak gores you but does no damage.
The death yak gores you!
* * * LOW HITPOINT WARNING * * *
The death yak gores you!
* * * LOW HITPOINT WARNING * * *
The death yak gores you!
* * * LOW HITPOINT WARNING * * *
đŸ˜± HP[-23] MP[-14]
You take 23 damage, and now have 4/160 hp.
You lost 14 mp, and now have 3/28 mp.
Unknown command.
Unknown command.
You barely miss the death yak.
The death yak looks more healthy.
The death yak gores you but does no damage.
The death yak gores you.
* * * LOW HITPOINT WARNING * * *
The death yak gores you.
* * * LOW HITPOINT WARNING * * *
The death yak gores you.
* * * LOW HITPOINT WARNING * * *
đŸ˜± HP[-3] MP[-2]
You take 3 damage, and now have 1/160 hp.
You lost 2 mp, and now have 1/28 mp.
Unknown command.
Unknown command.
Unknown command.
You hit the death yak. You drain the death yak.
Something hits you but does no damage. The death yak gores you.
* * * LOW HITPOINT WARNING * * *
The death yak gores you!
You die...
Xom chuckles heartily!

Skill      XL: |  1  2  3  4  5  6  7  8  9 10 |
---------------+-------------------------------+-----
Unarmed Combat | 3 4 |  4.1
Fighting       | 5 7 9 11 12 13 | 13.3
Transmutations | 3 4 |  4.9
Earth Magic    | 3 4 |  4.9
Spellcasting   | 1 5 6 |  6.6
Dodging        | |  2.1

Action                   |  1- 3 |  4- 6 |  7- 9 | 10-12 || total
-------------------------+-------+-------+-------+-------++-------
Melee: Unarmed           |    70 |    30 |       |     1 ||   101
       Punch             |     5 |     6 |    12 |     1 ||    24
       Headbutt          |       |     3 |    19 |       ||    22
       Dagger            |       |   207 |   354 |    46 ||   607
       Kick              |       |    48 |     6 |       ||    54
       Quarterstaff      |       |       |       |    32 ||    32
Throw: Stone             |       |     9 |     4 |       ||    13
Evoke: Wand              |       |       |    23 |     1 ||    24
  Use: Potion            |     3 |    13 |     5 |     6 ||    27
       Scroll            |     1 |     4 |    10 |     3 ||    18
 Stab: Invisible         |     3 |     3 |       |       ||     6
       Sleeping          |       |       |     1 |       ||     1
       Paralysed         |       |       |    17 |     3 ||    20
Armor: Robe              |    12 |    83 |   189 |    30 ||   314
       Skin              |     7 |    36 |       |    30 ||    73
Dodge: Dodged            |    25 |   121 |   197 |    25 ||   368

Levels and vault maps discovered:
D:1:      dpeg_arrival_refuge, layout_loops_ring, kennysheep_small_spiral,
          st_stairs_11, kennysheep_nondescript, minmay_misc_feat_cross,
          minmay_hexomino_c4
D:2:      layout_basic, serial_shops, shop, ebering_ecumenical_altar_rust,
          st_stairs_8
D:3:      layout_loops_ring, cheibriados_altar_1,
          nicolae_uskayaw_murder_on_the_dancefloor, minmay_cut_off
D:4:      layout_basic, riverfiend_overflow_shadow_ancestor,
          mainiacjoe_overflow_catwalk, gup_sewer_entry_pipe,
          nicolae_shop_firing_range
D:5:      layout_rooms, lemuel_crystal_altar, nzn_wu_jian_council_hall,
          cheibrodos_ashenzari_chains, minmay_temple_entry_slanted,
          serial_shops, nicolae_shop_hallway_stairs, columned_hall_lemuel,
          minmay_door_square, hangedman_abyss_or_decor_passed,
          minmay_misc_feat_roman, grunt_decor_cap, minmay_holes,
          grunt_decor_arrowhead, nrook_campfire
D:6:      layout_gridville, fedhas_altar_2, mainiacjoe_overflow_brackets,
          nicolae_elevator_lobby_asterisk
D:7:      layout_loops_ring, lemuel_tele_altar, serial_shops,
          kennysheep_little_box, uniq_crazy_yiuf_cottage, uniq_prince_ribbit1
D:8:      layout_basic, mainiacjoe_overflow_cross_hatched, dpeg_lair_monsters,
          serial_bayou, serial_bayou_crossing, serial_bayou_ford_a,
          serial_bayou_pond_a, serial_bayou_pond_e, uniq_psyche, uniq_joseph

Notes
Turn   | Place    | Note
-------+----------+-------------------------------------------
     0 | D:1      | spaghetti the Ogre Chaos Knight began the quest for the
                  | Orb.
     0 | D:1      | Reached XP level 1. HP: 24/24 MP: 1/1
     0 | D:1      | magus.rc [v1.9.6]
   302 | D:1      | Reached skill level 3 in Unarmed Combat
   302 | D:1      | Reached XP level 2. HP: 31/33 MP: 2/2
   302 | D:1      | XOM: potion effect (invisibility)
   700 | D:1      | XOM: cloud trail
   862 | D:1      | Noticed a shapeshifter
   862 | D:1      | a kobold changed into a shapeshifter
   862 | D:1      | XOM: polymorph kobold -> shapeshifter
   862 | D:1      | Noticed a hog
   862 | D:1      | a shapeshifter changed into a hog
   864 | D:1      | Gained mutation: You have a pair of small horns on your
                  | head. [potion of mutation]
   864 | D:1      | Gained mutation: You are weak. (Str -2) [potion of
                  | mutation]
   864 | D:1      | Gained mutation: You possess an exceptional clarity of
                  | mind. [potion of mutation]
   866 | D:1      | Noticed an ogre
   866 | D:1      | a hog changed into an ogre
   870 | D:1      | Noticed a black bear
   870 | D:1      | an ogre changed into a black bear
   874 | D:1      | Killed a black bear
   875 | D:1      | Reached skill level 5 in Fighting
   875 | D:1      | Reached skill level 4 in Unarmed Combat
   875 | D:1      | Reached XP level 3. HP: 34/44 MP: 3/3
   875 | D:1      | Reached XP level 4. HP: 40/52 MP: 4/4
  1079 | D:1      | XOM: god gift: glowing golden potion {god gift}
  1316 | D:2      | Found a faded altar of an unknown god.
  1350 | D:2      | Reached XP level 5. HP: 56/59 MP: 5/5
  1364 | D:2      | XOM: smoke on damage
  1443 | D:2      | You pick up a book of Burglary and begin reading...
  1443 | D:2      | You add the spells Passwall, Ensorcelled Hibernation and
                  | Swiftness to your library.
  1587 | D:2      | Lost mutation: You have a pair of small horns on your head.
                  | [potion of mutation]
  1587 | D:2      | Lost mutation: You are weak. (Str -2) [potion of mutation]
  1587 | D:2      | Gained mutation: Your movements are slightly less
                  | encumbered by armour. (ER -2) [potion of mutation]
  1587 | D:2      | Gained mutation: You have large cloven feet. [potion of
                  | mutation]
  1591 | D:2      | Reached skill level 6 in Fighting
  1954 | D:2      | Found Cejoh's Book Boutique.
  2247 | D:3      | Found a hide-covered altar of Uskayaw.
  2416 | D:3      | Found a snail-covered altar of Cheibriados.
  2425 | D:3      | XOM: potion effect (invisibility)
  2443 | D:3      | Reached skill level 7 in Fighting
  2510 | D:3      | You pick up a book of Party Tricks and begin reading...
  2510 | D:3      | You add the spells Apportation and Alistair's Intoxication
                  | to your library.
  2606 | D:3      | XOM: silly message
  2657 | D:3      | Reached XP level 6. HP: 47/71 MP: 6/6
  2947 | D:3      | XOM: silly message
  3308 | D:4      | XOM: god gift: 5 javelins
  3380 | D:4      | Reached skill level 8 in Fighting
  3514 | D:4      | XOM: silly message
  3689 | D:4      | Found a hazy altar of Hepliaklqana.
  3690 | D:4      | Found a shadowy altar of Dithmenos.
  3691 | D:4      | Noticed a shadow
  3724 | D:4      | Found an opulent altar of Gozag.
  3854 | D:4      | Found Lotopp's Firing Range.
  3951 | D:4      | XOM: 4-stop teleportation journey
  4260 | D:5      | Entered Level 5 of the Dungeon
  4260 | D:5      | Found Kirou's Antique Weapon Boutique.
  4304 | D:5      | Found an ornate altar of the Wu Jian Council.
  4415 | D:5      | Found a staircase to the Ecumenical Temple.
  4488 | D:5      | XOM: noise
  4554 | D:5      | Found a broken altar of Ashenzari.
  4592 | D:5      | HP: 26/111 [gnoll/+0 halberd[a gnoll bouda] (6)]
  4597 | D:5      | Reached skill level 9 in Fighting
  4597 | D:5      | Reached XP level 7. HP: 21/83 MP: 7/7
  4597 | D:5      | HP: 12/83 [cloud of poison gas (9)]
  4599 | D:5      | XOM: polymorph howler monkey -> river rat
  4911 | D:4      | XOM: noise
  5035 | D:5      | Noticed a hornet
  5039 | D:5      | Killed a hornet
  5040 | D:5      | Reached skill level 10 in Fighting
  5107 | D:5      | XOM: chaos upgrade
  5113 | D:5      | XOM: cleaving
  5432 | D:5      | XOM: give mutation
  5432 | D:5      | Gained mutation: Your body sometimes deteriorates upon
                  | taking damage. [Xom's mischief]
  5483 | D:5      | XOM: give mutations
  5483 | D:5      | Gained mutation: You are clumsy. (Dex -2) [Xom's mischief]
  5483 | D:5      | Lost mutation: You have large cloven feet. [Xom's mischief]
  5483 | D:5      | Gained mutation: You are frail. (-10% HP) [Xom's mischief]
  5483 | D:5      | Gained mutation: You are covered in fur. (AC +1) [Xom's
                  | mischief]
  5484 | D:5      | Lost mutation: You are clumsy. (Dex -2) [potion of
                  | mutation]
  5484 | D:5      | Lost mutation: Your movements are slightly less encumbered
                  | by armour. (ER -2) [potion of mutation]
  5484 | D:5      | Lost mutation: Your body sometimes deteriorates upon taking
                  | damage. [potion of mutation]
  5484 | D:5      | Gained mutation: You are weak. (Str -2) [potion of
                  | mutation]
  5484 | D:5      | Gained mutation: You are agile. (Dex +4, Str/Int -1)
                  | [potion of mutation]
  5484 | D:5      | Gained mutation: You have a pair of small horns on your
                  | head. [potion of mutation]
  5510 | D:5      | Found an iron altar of Okawaru.
  5545 | D:5      | XOM: give mutations
  5545 | D:5      | Lost mutation: You are agile. (Dex +4, Str/Int -1) [Xom's
                  | mischief]
  5545 | D:5      | Gained mutation: You are very frail. (-20% HP) [Xom's
                  | mischief]
  5589 | D:5      | Reached skill level 11 in Fighting
  5874 | D:6      | Reached XP level 8. HP: 71/77 MP: 8/8
  5919 | D:6      | XOM: potion effect (curing)
  5978 | D:6      | XOM: 1-stop teleportation journey
  5988 | D:6      | XOM: summons friendly crimson imp
  6012 | D:6      | Reached skill level 1 in Transmutations
  6012 | D:6      | Reached skill level 1 in Earth Magic
  6022 | D:6      | Lost mutation: You have a pair of small horns on your head.
                  | [potion of mutation]
  6022 | D:6      | Lost mutation: You are very frail. (-20% HP) [potion of
                  | mutation]
  6022 | D:6      | Lost mutation: You possess an exceptional clarity of mind.
                  | [potion of mutation]
  6065 | D:6      | XOM: polymorph crimson imp -> white imp
  6176 | D:6      | XOM: 1-stop teleportation journey
  6184 | D:6      | XOM: divination: magic mapping
  6204 | D:6      | XOM: confusion
  6216 | D:6      | XOM: cleaving
  6306 | D:6      | XOM: give mutations
  6306 | D:6      | Gained mutation: Your flesh is heat resistant. (rF+) [Xom's
                  | mischief]
  6306 | D:6      | Lost mutation: You are weak. (Str -2) [Xom's mischief]
  6541 | D:6      | XOM: 1-stop teleportation journey
  6545 | D:6      | Identified a scroll of acquirement
  6546 | D:6      | Acquired the amulet of Hoogas {Spirit Contam Will+ Int+2}
  6599 | D:6      | XOM: silly message
  6639 | D:6      | Reached skill level 2 in Transmutations
  6639 | D:6      | Reached skill level 2 in Earth Magic
  6787 | D:6      | Found a sparkling altar of Nemelex Xobeh.
  6841 | D:6      | Found a blossoming altar of Fedhas.
  6874 | D:6      | HP: 21/88 [acid (4)]
  7353 | D:6      | XOM: enchant monster (good)
  7357 | D:6      | XOM: fog
  7358 | D:6      | Reached skill level 12 in Fighting
  7535 | D:6      | XOM: smoke on damage
  7764 | D:7      | XOM: enchant monster (good)
  8003 | D:7      | Reached skill level 1 in Spellcasting
  8003 | D:7      | Reached skill level 3 in Transmutations
  8003 | D:7      | Reached skill level 3 in Earth Magic
  8086 | D:7      | XOM: 2-stop teleportation journey
  8092 | D:7      | Reached XP level 9. HP: 90/96 MP: 11/11
  8128 | D:7      | Reached skill level 2 in Spellcasting
  8133 | D:7      | XOM: smoke on damage
  8694 | D:7      | You pick up a book of the Hunter and begin reading...
  8694 | D:7      | You add the spells Call Canine Familiar, Portal Projectile
                  | and Leda's Liquefaction to your library.
  8718 | D:7      | Reached skill level 3 in Spellcasting
  8877 | D:7      | Found Xawongof's Antique Armour Shop.
  8877 | D:7      | XOM: 4-stop teleportation journey
  9062 | D:7      | Noticed a cyclops
  9078 | D:7      | Killed a cyclops
  9079 | D:7      | Reached skill level 4 in Spellcasting
  9079 | D:7      | Reached skill level 4 in Transmutations
  9079 | D:7      | Reached skill level 4 in Earth Magic
  9081 | D:7      | Found a sacrificial altar of Ru.
  9219 | D:7      | Noticed Prince Ribbit
  9220 | D:7      | XOM: fake destruction
  9230 | D:7      | Noticed Prince Ribbit
  9230 | D:7      | Prince Ribbit changed into Prince Ribbit the shapeshifter
  9230 | D:7      | XOM: polymorph Prince Ribbit -> Prince Ribbit the
                  | shapeshifter
  9230 | D:7      | Noticed Prince Ribbit
  9230 | D:7      | Prince Ribbit the shapeshifter changed into Prince Ribbit
                  | the meliai
  9234 | D:7      | Killed Prince Ribbit the meliai
  9235 | D:7      | Reached skill level 5 in Spellcasting
  9271 | D:7      | Reached skill level 13 in Fighting
  9285 | D:7      | Reached XP level 10. HP: 56/107 MP: 16/18
  9299 | D:7      | Reached skill level 6 in Spellcasting
  9560 | D:7      | You pick up a book of Minor Magic and begin reading...
  9560 | D:7      | You add the spells Magic Dart, Call Imp and Mephitic Cloud
                  | to your library.
  9596 | D:7      | XOM: potion effect (curing)
  9614 | D:7      | HP: 26/107 [poisoned by a scorpion]
  9619 | D:7      | HP: 22/107 [poisoned by a scorpion]
  9666 | D:6      | XOM: cloud trail
  9820 | D:6      | XOM: scenery: 1 doors open, 2 doors close
 10114 | D:7      | Found a runed translucent door.
 10115 | D:7      | Noticed Crazy Yiuf
 10317 | D:7      | Killed Crazy Yiuf
 10456 | D:8      | Noticed a green ugly thing
 10457 | D:8      | XOM: enchant monster (good)
 10458 | D:8      | Noticed a death yak
 10464 | D:7      | XOM: scenery: create altars
 10475 | D:7      | Killed a green ugly thing
 10475 | D:7      | HP: 21/107 [poisoned by a green ugly thing]
 10695 | D:7      | XOM: cloud trail
 10786 | D:8      | Noticed a death yak
 10788 | D:8      | Noticed a death yak
 10793 | D:8      | HP: 29/160 [death yak (16)]
 10797 | D:8      | HP: 13/160 [death yak (11)]
 10797 | D:8      | HP: 4/160 [death yak (9)]
 10798 | D:8      | HP: 1/160 [death yak (1)]
 10799 | D:8      | Mangled by a death yak

Vanquished Creatures
  A cyclops (D:7)
  An ugly thing (D:7)
  A meliai (shapeshifter) (D:7)
  A hornet (D:5)
  4 yaks (D:7)
  3 ice beasts
  A black bear (D:6)
  A black bear (shapeshifter) (D:1)
  An ogre (D:7)
  A phantom (D:6)
  A centaur (D:6)
  3 bullfrogs (D:7)
  A necrophage (D:5)
  4 scorpions
  3 wights (D:7)
  5 killer bees (D:7)
  A howler monkey (D:6)
  A jelly (D:6)
  4 orc priests
  4 hounds
  2 gnoll boudas
  Crazy Yiuf (D:7)
  2 iguanas
  3 orc wizards
  8 gnolls
  A river rat (D:5)
  7 adders
  A white imp (D:6)
  2 worms (D:3)
  3 dart slugs
  19 orcs
  2 ball pythons
  4 endoplasms
  10 giant cockroaches
  9 goblins
  7 hobgoblins
  7 jackals
  4 kobolds
  7 quokkas
  3 bats
  3 frilled lizards
  5 rats
152 creatures vanquished.

Vanquished Creatures (others)
  2 fungi (D:7)
  2 plants (D:8)
4 creatures vanquished.

Grand Total: 156 creatures vanquished

Table legend:
 A = Non-vault XP
 B = Vault XP
 C = Vault XP percentage of total XP
 D = Non-vault monster count
 E = Vault monster count
 F = Vault count percentage of total count
                 A         B        C        D         E       F
            +---------+---------+-------+---------+---------+-------
      Total |    5245 |     562 |   9.7 |     128 |      24 |  15.8
            +---------+---------+-------+---------+---------+-------
        D:1 |      20 |     141 |  87.6 |      13 |       9 |  40.9
        D:2 |      41 |       2 |   4.7 |      14 |       1 |   6.7
        D:3 |     123 |      96 |  43.8 |      24 |       4 |  14.3
        D:4 |      88 |      16 |  15.4 |       9 |       8 |  47.1
        D:5 |     670 |       0 |   0.0 |      13 |       0 |   0.0
        D:6 |     977 |       0 |   0.0 |      19 |       0 |   0.0
        D:7 |    3326 |     307 |   8.5 |      36 |       2 |   5.3
            +---------+---------+-------+---------+---------+-------

Illustrated notes

Table legend:
 A = Kills in this place as a percentage of kills in entire the game.
 B = Kills by you in this place as a percentage of kills by you in the entire game.
 C = Kills by friends in this place as a percentage of kills by friends in the entire game.
 D = Other kills in this place as a percentage of other kills in the entire game.
 E = Experience gained in this place as a percentage of experience gained in the entire game.
 F = Experience gained in this place divided by the number of levels of this place that you have seen.
                   A       B       C       D       E      F
               +-------+-------+-------+-------+-------+----------------------
         Total | 100.0 | 100.0 |   N/A |   N/A | 100.0 | 725.9
       Dungeon | 100.0 | 100.0 |   N/A |   N/A | 100.0 | 725.9
               +-------+-------+-------+-------+-------+----------------------

Table legend: (Time is in decaauts)
 A = Elapsed time spent in this place.
 B = Non-inter-level travel time spent in this place.
 C = Inter-level travel time spent in this place.
 D = Time resting spent in this place.
 E = Time spent auto-exploring this place.
 F = Levels seen in this place.
 G = Mean time per level.
                   A        B        C        D        E       F      G
               +--------+--------+--------+--------+--------+-----+--------+
         Total |  10815 |  10485 |    330 |   1011 |   8005 |   8 | 1351.9 |
       Dungeon |  10815 |  10485 |    330 |   1011 |   8005 |   8 | 1351.9 |
               +--------+--------+--------+--------+--------+-----+--------+

Top non-repeatable levels by time:
     D:7: 2779 daAuts
     D:6: 2135 daAuts
     D:4: 1287 daAuts
     D:3: 1260 daAuts
     D:1: 1231 daAuts
     D:5: 1220 daAuts
     D:2: 868 daAuts
     D:8: 32 daAuts
